 Dungeon Crawl Stone Soup version 0.29.0-4-gdea44cf6ec (webtiles) character file.

Game seed: 2342094277222302075

15513 voltaire321 the Covert (level 12, -19/81 HPs)
             Began as an Octopode Earth Elementalist on Aug 26, 2022.
             Was an Elder of Vehumet.
             Collided with a briar patch (20 damage)
             ... caused by a swamp worm
             ... on level 1 of the Lair of Beasts.
             The game lasted 00:50:44 (13267 turns).

voltaire321 the Covert (OpEE)                      Turns: 13267, Time: 00:50:45

Health: -19/81     AC:  3    Str: 11    XL:     12   Next: 27%
Magic:  22/22      EV: 17    Int: 18    God:    Vehumet [****..]
Gold:   1071       SH: 11    Dex: 21    Spells: 8/25 levels left

rFire   . . .      SeeInvis .   y - +12 whip of Apote {vorpal, rN+ Will++ Str+4 Int-4}
rCold   . . .      Faith    .   F - +0 kite shield
rNeg    + . .      Spirit   .   f - +2 hat
rPois   .          Reflect  .   H - amulet of Tyuq {RegenMP +Blink Will- Regen+ Dex+8}
rElec   .          Harm     .   (no ring)
rCorr   .          Rampage  .   (no ring)
Will    +....                   (no ring)
Stlth   ++++++....              (no ring)
HPRegen 1.03/turn               (no ring)
MPRegen 0.58/turn               (no ring)
                                (no ring)
                                (no ring)

@: about to teleport
A: almost no armour, amphibious, 8 rings, camouflage 1, gelatinous body 1,
(nimble swimmer 1), tentacles
a: Renounce Religion, Evoke Blink


You were on level 1 of the Lair of Beasts.
You worshipped Vehumet.
Vehumet was greatly pleased with you.
You visited 3 branches of the dungeon, and saw 13 of its levels.
You also visited: Sewer and Bailey.

You collected 1071 gold pieces.

Inventory:

Hand Weapons
 d - a +3 scimitar of holy wrath
 y - the +12 whip of Apote (weapon) {vorpal, rN+ Will++ Str+4 Int-4}
   (You found it on level 10 of the Dungeon)

   It inflicts extra damage upon your enemies.
   Str:       It affects your strength (+4).
   Int:       It affects your intelligence (-4).
   rN:        It protects you from negative energy.
   Will:      It greatly increases your willpower.
 B - a +2 rapier of freezing
Missiles
 a - 4 curare-tipped darts
 g - 2 throwing nets
Armour
 f - a +2 hat (worn)
 h - a +2 buckler
 r - the +18 shield of the Gong {rElec rN+ Will+ EV-5}
   (You found it on level 7 of the Dungeon)

   It is deafeningly noisy when blocking attacks.
   EV:        It affects your evasion (-5).
   rElec:     It insulates you from electricity.
   rN:        It protects you from negative energy.
   Will:      It increases your willpower.
 F - a +0 kite shield (worn)
Jewellery
 j - an amulet of regeneration
 v - an amulet of magic regeneration
 x - a ring of ice
 H - the amulet of Tyuq (around mantle) {RegenMP +Blink Will- Regen+ Dex+8}
   (You found it on level 9 of the Dungeon)

   [amulet of magic regeneration]

   It increases your rate of magic regeneration.
   Dex:       It affects your dexterity (+8).
   +Blink:    It lets you blink.
   Regen:     It increases your rate of health regeneration.
   Will:      It decreases your willpower.
Wands
 p - a wand of charming (16)
 I - a wand of flame (22)
 J - a wand of roots (3)
Scrolls
 b - 4 scrolls of teleportation
 c - 3 scrolls of magic mapping
 o - 2 scrolls of brand weapon
 A - 4 scrolls of amnesia
 C - a scroll of blinking
 D - 4 scrolls of identify
 E - a scroll of enchant weapon
 G - a scroll of enchant armour
Potions
 e - 4 potions of resistance
 i - 2 potions of mutation
 k - 4 potions of brilliance
 l - 2 potions of berserk rage
 m - 2 potions of haste
 n - 2 potions of flight
 q - a potion of ambrosia
 s - 8 potions of curing
 t - 2 potions of might
 w - a potion of invisibility {unknown}
 z - a potion of experience {unknown}


   Skills:
 + Level 7.1 Fighting
 + Level 7.8 Dodging
 + Level 10.8 Stealth
 + Level 6.1 Shields
 + Level 7.1 Spellcasting
 + Level 7.2 Conjurations
 - Level 4.0 Transmutations
 + Level 2.9 Fire Magic
 + Level 8.0 Earth Magic


You had 8 spell levels left.
You knew the following spells:

 Your Spells              Type           Power      Damage    Failure   Level
a - Sandblast             Erth           70%        2d15      1%          1
b - Passwall              Tmut/Erth      23%        N/A       3%          2
c - Stone Arrow           Conj/Erth      66%        3d11      1%          3
d - Searing Ray           Conj           64%        2d6       1%          2
e - Flame Wave            Conj/Fire      24%        2d8       10%         4
f - Iskenderun's Battles  Conj           32%        2d8       11%         5

Your spell library contained the following spells:

 Spells                   Type           Power      Damage    Failure   Level
 Magic Dart               Conj           100%       1d8       1%          1
 Static Discharge         Conj/Air       19%        3-6/arc   2%          2
 Freeze                   Ice            24%        1d5       8%          1
 Poisonous Vapours        Pois/Air       12%        N/A       12%         2
 Inner Flame              Hex/Fire       11%        N/A       13%         3
 Fulminant Prism          Conj/Hex       9%         3d7       17%         4
 Hailstorm                Conj/Ice       19%        3d6       17%         4
 Frozen Ramparts          Ice            12%        1d2       22%         3
 Petrify                  Tmut/Erth      28%        N/A       24%         4
 Apportation              Tloc           12%        N/A       28%         1
 Necrotise                Necr           24%        1d5       28%         1
 Summon Small Mammal      Summ           24%        N/A       28%         1
 Lightning Bolt           Conj/Air       9%         1d22      41%         5
 Airstrike                Air            3%         2d(1-17)  54%         4
 Gell's Gravitas          Tloc           6%         N/A       65%         3
 Lesser Beckoning         Tloc           6%         N/A       65%         3
 Ozocubu's Armour         Ice            6%         N/A       65%         3
 Teleport Other           Tloc           6%         N/A       65%         3
 Cause Fear               Hex            3%         N/A       96%         4
 Corpse Rot               Necr/Pois/Air  6%         N/A       96%         4
 Summon Lightning Spire   Summ/Air       6%         N/A       96%         4
 Alistair's Intoxication  Tmut/Pois      8%         N/A       98%         5
 Metabolic Englaciation   Hex/Ice        3%         N/A       100%        5
 Simulacrum               Ice/Necr       3%         N/A       100%        6
 Borgnjor's Revivificati  Necr           3%         N/A       100%        8
 Discord                  Hex            3%         N/A       100%        8
 Maxwell's Capacitive Co  Air            3%         ∞         100%        8
 Necromutation            Tmut/Necr      6%         N/A       100%        8
 Death's Door             Necr           3%         N/A       100%        9


Dungeon Overview and Level Annotations

Branches:
Dungeon (11/15)            Temple (1/1) D:6            Lair (1/5) D:9
  Sewer (visited)          Bailey (visited)
    Orc: D:9-12

Altars:
Ashenzari
Cheibriados
Dithmenos
Elyvilon
Fedhas
Gozag
Hepliaklqana
Kikubaaqudgha
Makhleb
Nemelex Xobeh
Okawaru
Qazlal
Ru
Sif Muna
Trog
Uskayaw
Vehumet
Wu Jian
Xom
Yredelemnul
Zin
The Shining One

Shops:
D:7 ?

Annotations:
Lair:1 1 transporter


Innate Abilities, Weirdness & Mutations

You cannot wear most types of armour.
You are amphibious.
You can wear up to eight rings at the same time.
Your skin changes colour to match your surroundings (Stealth+).
Your rubbery body absorbs attacks. (AC +1, EV +1)
((You are camouflaged when in or above water. (Stealth+)))
You have tentacles for arms and can constrict up to eight enemies at once.


Message History

You hit the briar patch.
You squeeze the briar patch, but do no damage.
The briar patch is lightly damaged.
The swamp worm fires a harpoon shot at you.
The harpoon shot misses you.
The swamp worm fires a harpoon shot at you.
The harpoon shot hits you!
You are yanked forward by the harpoon shot.
You collide with the briar patch!
The briar patch is almost destroyed.
You hit the briar patch.
The briar patch is almost destroyed.
The swamp worm fires a harpoon shot at you.
The harpoon shot hits you!!
You are yanked forward by the harpoon shot.
You collide with the briar patch!
The briar patch is destroyed!
* * * LOW HITPOINT WARNING * * *
The swamp worm fires a harpoon shot at you.
The harpoon shot hits you.
* * * LOW HITPOINT WARNING * * *
You are yanked forward by the harpoon shot.
You collide with the briar patch!
The briar patch is moderately damaged.
* * * LOW HITPOINT WARNING * * *
Okay, then.
You feel better.
The swamp worm fires a harpoon shot at you.
The harpoon shot misses you.
As you read the scroll of teleportation, it crumbles to dust.
You feel strangely unstable.
The swamp worm fires a harpoon shot at you.
You block the harpoon shot.
The swamp worm fires a harpoon shot at you.
The harpoon shot hits you!
* * * LOW HITPOINT WARNING * * *
You are yanked forward by the harpoon shot.
You collide with the briar patch!
The briar patch is almost destroyed.
You die...

...................########.##
.............................#
............................##
.............................#
........#########...........##
........#w#♣#w#♣#...........#
.....####§§§#≈≈≈##..........#
.....#=?#PPP°PPPP#..........#
....©#©(+§^§^^^^@#©.........#
.....#[)#PP☼PPP.P#..........#
.....####≈≈#≈≈≈§##..........##
........##w#♣#w##............#
........#########...........##
......[.....................#
............................#
............................#
......?.....................##


You could see 3 swamp worms.

Vanquished Creatures
  10 elephants
  2 vault sentinels (D:7)
  2 komodo dragons (Lair:1)
  A hornet (D:9)
  2 trolls
  5 blink frogs (Lair:1)
  2 shadows (D:10)
  Sigmund (D:6)
  Eustachio (D:4)
  11 yaks
  3 wyverns
  2 basilisks (Lair:1)
  Menkaure (D:6)
  A steam dragon (D:7)
  2 vampire mosquitoes (D:6)
  Duvessa (D:6)
  4 water moccasins
  An ice beast (D:7)
  8 orc warriors
  2 black bears (D:6)
  2 centaurs
  2 ogres (D:5)
  6 wolves (Lair:1)
  A phantom (D:3)
  8 kobold brigands
  3 gnoll sergeants
  6 bullfrogs
  A scorpion (D:6)
  3 necrophages
  9 wights
  Dowan (D:6)
  10 killer bees
  2 howler monkeys (D:4)
  An electric eel (D:10)
  Crazy Yiuf (D:7)
  4 hounds (D:6)
  A jelly (D:5)
  5 orc priests
  3 gnoll boudas
  2 iguanas
  10 orc wizards
  A mummy (D:6)
  29 gnolls
  6 adders
  A river rat (Sewer)
  A shadow imp (D:7)
  3 white imps
  4 worms
  3 dart slugs
  28 orcs
  6 endoplasms
  4 giant cockroaches
  8 goblins
  7 hobgoblins
  27 kobolds
  2 quokkas
  16 ball pythons
  5 bats
  3 frilled lizards
  A hobgoblin zombie (D:6)
  A kobold zombie (D:6)
  2 orc zombies (D:6)
  9 rats
310 creatures vanquished.

Vanquished Creatures (others)
  A briar patch (Lair:1)
  2 fungi (Lair:1)
  6 plants
9 creatures vanquished.

Grand Total: 319 creatures vanquished

Notes
Turn   | Place    | Note
-------+----------+-------------------------------------------
     0 | D:1      | voltaire321 the Octopode Earth Elementalist began the quest
                  | for the Orb.
     0 | D:1      | Reached XP level 1. HP: 11/11 MP: 3/3
   138 | D:1      | Reached skill level 3 in Stealth
   138 | D:1      | Reached XP level 2. HP: 17/17 MP: 0/5
   265 | D:1      | Learned a level 2 spell: Passwall
   383 | D:1      | Found a faded altar of an unknown god.
   409 | D:1      | Reached XP level 3. HP: 22/22 MP: 1/6
  1025 | D:2      | Learned a level 3 spell: Stone Arrow
  1170 | D:2      | Reached XP level 4. HP: 27/27 MP: 3/7
  1207 | D:2      | Reached skill level 1 in Fighting
  1648 | D:3      | Found a glowing drain.
  1677 | Sewer    | Entered a sewer
  1716 | Sewer    | Noticed a kobold brigand
  1726 | Sewer    | Killed a kobold brigand
  1727 | Sewer    | Reached skill level 1 in Shields
  1727 | Sewer    | Reached skill level 1 in Conjurations
  1727 | Sewer    | Reached XP level 5. HP: 16/33 MP: 1/9
  1921 | Sewer    | Noticed a kobold brigand
  1921 | Sewer    | Noticed a kobold brigand
  1986 | Sewer    | Killed a kobold brigand
  1987 | Sewer    | Reached skill level 4 in Stealth
  1987 | Sewer    | Reached XP level 6. HP: 35/38 MP: 8/10
  2751 | D:4      | Reached XP level 7. HP: 45/45 MP: 9/11
  2965 | D:4      | Found a shadowy altar of Dithmenos.
  3822 | D:4      | Noticed Eustachio
  4044 | D:4      | Found an opulent altar of Gozag.
  4180 | D:4      | Killed Eustachio
  4181 | D:4      | Reached skill level 5 in Stealth
  4268 | D:5      | Entered Level 5 of the Dungeon
  4436 | D:5      | Reached XP level 8. HP: 37/51 MP: 3/13
  5457 | D:6      | Noticed Duvessa
  5457 | D:6      | Noticed Dowan
  5479 | D:6      | Killed Duvessa
  5483 | D:6      | Noticed Sigmund
  5684 | D:6      | Found a staircase to the Ecumenical Temple.
  5689 | D:6      | Reached skill level 6 in Stealth
  5734 | Temple   | Entered the Ecumenical Temple
  5814 | Temple   | Became a worshipper of Vehumet
  6026 | D:6      | Reached skill level 5 in Earth Magic
  6064 | D:6      | Reached XP level 9. HP: 47/58 MP: 5/15
  6246 | D:6      | Killed Dowan
  6788 | D:6      | Killed Sigmund
  6789 | D:6      | Reached skill level 7 in Stealth
  6965 | D:6      | Reached * piety under Vehumet
  6965 | D:6      | Offered knowledge of Foxfire by Vehumet.
  7110 | D:6      | Reached skill level 5 in Dodging
  7149 | D:6      | Noticed Menkaure
  7154 | D:6      | Killed Menkaure
  7332 | D:7      | Reached skill level 5 in Spellcasting
  7378 | D:7      | Found Usaofa's Magic Scroll Boutique.
  7479 | D:7      | Found a flagged portal.
  7494 | Bailey   | Entered a bailey
  7551 | Bailey   | Offered knowledge of Freeze by Vehumet.
  7575 | Bailey   | Reached ** piety under Vehumet
  7576 | Bailey   | Reached XP level 10. HP: 52/65 MP: 3/17
  7763 | Bailey   | Reached skill level 5 in Conjurations
  7815 | Bailey   | Identified the -2 cloak of Hedonism {Int+9 Dex+3 SInv}
  7831 | Bailey   | Reached skill level 5 in Fighting
  7831 | Bailey   | Reached skill level 8 in Stealth
  7831 | Bailey   | Reached skill level 5 in Shields
  7840 | Bailey   | Found an iron altar of Okawaru.
  8155 | D:7      | Noticed a vault sentinel
  8155 | D:7      | Noticed a vault sentinel
  8191 | D:7      | Killed a vault sentinel
  8338 | D:7      | Killed a vault sentinel
  8435 | D:7      | Found the +18 shield of the Gong {rElec rN+ Will+ EV-5}
  8684 | D:7      | Found a runed translucent door.
  8685 | D:7      | Noticed Crazy Yiuf
  8690 | D:7      | Killed Crazy Yiuf
  8894 | D:8      | Learned a level 2 spell: Searing Ray
  9069 | D:8      | You fall into a shaft and drop 3 floors!
  9088 | D:10     | Entered Level 10 of the Dungeon
  9169 | D:10     | Identified the +12 whip of Apote {vorpal, rN+ Will++ Str+4
                  | Int-4}
  9200 | D:9      | Found a staircase to the Lair.
  9356 | D:9      | Reached skill level 9 in Stealth
  9722 | D:9      | Reached XP level 11. HP: 28/72 MP: 9/20
 10100 | D:8      | Offered knowledge of Ignite Poison by Vehumet.
 10324 | D:8      | Reached *** piety under Vehumet
 10498 | D:8      | Found an ancient bone altar of Kikubaaqudgha.
 10826 | D:9      | Found a hide-covered altar of Uskayaw.
 10827 | D:9      | Found a blossoming altar of Fedhas.
 11337 | D:9      | Identified the amulet of Tyuq {RegenMP +Blink Will- Regen+
                  | Dex+8}
 11613 | D:10     | Offered knowledge of Flame Wave by Vehumet.
 12042 | Lair:1   | Entered Level 1 of the Lair of Beasts
 12048 | Lair:1   | Learned a level 4 spell: Flame Wave
 12077 | Lair:1   | Reached skill level 10 in Stealth
 12110 | Lair:1   | Reached skill level 1 in Fire Magic
 12479 | Lair:1   | Reached **** piety under Vehumet
 12564 | D:9      | Reached XP level 12. HP: 29/80 MP: 19/22
 12728 | Lair:1   | Offered knowledge of Iskenderun's Battlesphere by Vehumet.
 12762 | Lair:1   | Learned a level 5 spell: Iskenderun's Battlesphere
 12878 | Lair:1   | Found a transporter.
 12902 | Lair:1   | Found a transporter.
 13263 | Lair:1   | HP: 4/81 [briar patch collision (14)]
 13267 | Lair:1   | HP: 1/81 [swamp worm/harpoon shot (13)]
 13267 | Lair:1   | Collided with a briar patch

Illustrated notes

Levels and vault maps discovered:
D:1:      psy_arrival_statuary, layout_rooms,
          hellmonk_ecumenical_altar_arch_garden
D:2:      layout_rooms, minmay_tromino_v4_c
D:3:      layout_loops_cross, cheibrodos_sewer_entry_sluice,
          reono_crystal_passage, chequers_hall_statues_wall_a
D:4:      layout_layer_cave, lemuel_doored_altar,
          nicolae_gozag_cash_rules_everything_around_me, uniq_eustachio
D:5:      layout_basic, kennysheep_generic_room_4
D:6:      layout_rooms, minmay_temple_entry_mist, minmay_mini_ossuary,
          uniq_menkaure, uniq_sigmund, uniq_duvessa
D:7:      layout_rooms, enter_bailey_3, serial_shops, shop,
          hellmonk_guarded_unrand_gong, uniq_crazy_yiuf_cottage
D:8:      layout_loops_ring, nicolae_kikubaaqudgha_miasma_corner
D:9:      minmay_weird_star, layout_basic, minitemple, kennysheep_minor_cross,
          library_closet
D:10:     layout_irregular_city, hangedman_abyss_or_decor_clamps,
          hangedman_decor_peaks_small, nicolae_lava_and_water
D:11:     layout_rooms, orc_david_3
Temple:   minmay_temple_bridge_d
Lair:1:   gammafunk_worm_tunnel, layout_regular_city

Skill      XL: |  1  2  3  4  5  6  7  8  9 10 11 12 |
---------------+-------------------------------------+-----
Stealth        | 3 4 5 6 7 9 10 | 10.8
Fighting       | 1 2 3 4 6 7 |  7.1
Shields        | 1 2 3 4 5 6 |  6.1
Conjurations   | 1 2 3 4 5 6 7 |  7.2
Transmutations | 2 4 |  4.0
Dodging        | 3 4 5 6 7 |  7.8
Spellcasting   | 3 4 5 6 7 |  7.1
Earth Magic    | 4 5 6 7 8 |  8.0
Fire Magic     | 2 |  2.9

Action                   |  1- 3 |  4- 6 |  7- 9 | 10-12 || total
-------------------------+-------+-------+-------+-------++-------
Melee: Constrict         |     1 |    12 |    26 |    20 ||    59
       Tentacles         |     1 |     7 |    24 |    43 ||    75
       Unarmed           |     1 |       |       |       ||     1
       Short sword       |     1 |    56 |    22 |       ||    79
       Punch             |       |     1 |     2 |     3 ||     6
       Rapier            |       |       |    60 |    31 ||    91
       Whip              |       |       |     8 |   114 ||   122
 Cast: Sandblast         |    52 |    48 |    92 |    30 ||   222
       Stone Arrow       |       |     2 |    54 |   149 ||   205
       Searing Ray       |       |       |       |    23 ||    23
       Flame Wave        |       |       |       |     1 ||     1
       Iskenderun's Batt |       |       |       |     2 ||     2
  Use: Scroll            |       |       |    25 |     6 ||    31
       Potion            |       |       |       |     4 ||     4
 Stab: Sleeping          |       |     3 |     3 |     2 ||     8
       Distracted        |       |       |       |     1 ||     1
Armor: Skin              |     1 |     9 |    23 |    29 ||    62
Dodge: Dodged            |     4 |    26 |   127 |   205 ||   362
Block: Buckler           |       |    10 |    48 |    30 ||    88
       Kite shield       |       |       |       |   144 ||   144
